 Dungeon Crawl Stone Soup version 0.26.1-2-gb8aa6d0cf2 (webtiles) character file.

Game seed: 17867349092946961851

53 FishyPogo the Carver (level 3, -10/28 HPs)
             Began as a Gnoll Wanderer on Mar 5, 2021.
             Mangled by an orc warrior
             ... wielding a +0 war axe
              (11 damage)
             ... on level 2 of the Dungeon on Mar 6, 2021.
             The game lasted 00:03:56 (1761 turns).

FishyPogo the Carver (Gnoll Wanderer)               Turns: 1761, Time: 00:03:57

Health: -10/28     AC:  6    Str: 13    XL:     3   Next: 89%
Magic:  4/4        EV: 10    Int: 16    God:
Gold:   104        SH:  0    Dex: 14    Spells: 4/4 levels left

rFire    . . .     SeeInvis +   a - +2 falchion
rCold    . . .     Faith    .   (no shield)
rNeg     . . .     Spirit   .   c - +0 ring mail
rPois    .         Reflect  .   (no helmet)
rElec    .         Harm     .   (no cloak)
rCorr    .         Rampage  .   (no gloves)
Will     .....                  (no boots)
Stlth    +.........             (no amulet)
HPRegen  0.09/turn              j - ring of see invisible
MPRegen  0.09/turn              (no ring)

@: no status effects
A: distributed training, fangs 1, strong nose
a: no special abilities


You were on level 2 of the Dungeon.
You visited 1 branch of the dungeon, and saw 2 of its levels.

You collected 104 gold pieces.

Inventory:

Hand Weapons
 a - a +2 falchion (weapon)
Missiles
 d - 2 atropa-tipped darts (quivered)
 e - 16 sling bullets
 h - 103 stones
Armour
 c - a +0 ring mail (worn)
Jewellery
 j - a ring of see invisible (left hand)
Scrolls
 b - 2 scrolls of remove curse {unknown}
 i - 2 scrolls of identify {unknown}
Potions
 f - a potion of heal wounds


   Skills:
 + Level 2.6 Fighting
 + Level 1.0 Short Blades
 + Level 8.5 Long Blades
 + Level 1.0 Axes
 + Level 1.0 Maces & Flails
 + Level 1.0 Polearms
 + Level 1.0 Staves
 + Level 1.0 Slings
 + Level 1.0 Bows
 + Level 2.6 Crossbows
 + Level 1.0 Throwing
 + Level 4.6 Armour
 + Level 1.0 Dodging
 + Level 2.4 Stealth
 + Level 2.6 Shields
 + Level 1.0 Unarmed Combat
 + Level 1.0 Spellcasting
 + Level 0.7 Conjurations
 + Level 0.7 Hexes
 + Level 0.7 Summonings
 + Level 0.7 Necromancy
 + Level 0.7 Translocations
 + Level 0.7 Transmutations
 + Level 0.7 Fire Magic
 + Level 0.7 Ice Magic
 + Level 0.7 Air Magic
 + Level 0.7 Earth Magic
 + Level 0.7 Poison Magic
 + Level 1.0 Invocations
 + Level 1.0 Evocations


You had 4 spell levels left.
You didn't know any spells.
Your spell library was empty.

Dungeon Overview and Level Annotations

Branches:
Dungeon (2/15)

Altars:
Hepliaklqana
Makhleb


Innate Abilities, Weirdness & Mutations

Your experience applies equally to all skills.
You have very sharp teeth.
Your uncanny sense of smell can sniff out nearby items.


Message History

The orc priest calls down the wrath of Beogh upon you.
Pain shoots through your body! The orc warrior closely misses you.
The orc shouts!
You completely miss the orc warrior.
You bite the orc warrior, but do no damage.
The orc warrior is lightly wounded.
The orc priest looks satisfied for a moment.
You hit the orc warrior but do no damage.
The orc warrior is lightly wounded.
The orc warrior hits you with a +0 war axe!
Ouch! That really hurt!
* * * LOW HITPOINT WARNING * * *
You hit the orc warrior.
The orc warrior is lightly wounded.
The orc warrior barely misses you.
You completely miss the orc warrior.
You bite the orc warrior, but do no damage.
The orc warrior is lightly wounded.
The orc warrior hits you with a +0 war axe!
You die...

### #....#...##.##
..######.....###.#
#........##..# #.#
....#######..###.#
###.# #..†.#)## #
#.#######.##o...#
#.#..........[..#
###..)#####.###.o.#
#.....# #..# ##@##
..##.## #.## #.##
..)...####.# #<.##
####....##.#
###..######
###...#.####.........#
###.....##.........#
#..##............#
#..#####.........#
##..####.........#


You could see an orc warrior and an orc priest.

Vanquished Creatures
  An adder (D:2)
  An ooze (D:1)
  A worm (D:2)
  2 dart slugs (D:1)
  3 giant cockroaches
  3 goblins (D:1)
  5 hobgoblins
  A jackal (D:1)
  5 kobolds
  5 bats
  6 rats
33 creatures vanquished.

Notes
Turn   | Place    | Note
-------+----------+-------------------------------------------
     0 | D:1      | FishyPogo the Gnoll Wanderer began the quest for the Orb.
     0 | D:1      | FishyPogo set off with the following items: a +2 falchion,
                  | a +0 quarterstaff, a +0 ring mail
     0 | D:1      | Reached XP level 1. HP: 17/17 MP: 1/1
   323 | D:1      | Reached XP level 2. HP: 23/23 MP: 2/2
   581 | D:1      | Reached XP level 3. HP: 13/28 MP: 3/3
  1371 | D:2      | Reached skill level 1 in Invocations
  1517 | D:2      | Found a burning altar of Makhleb.
  1613 | D:2      | Reached skill level 1 in Short Blades
  1613 | D:2      | Reached skill level 1 in Axes
  1613 | D:2      | Reached skill level 1 in Maces & Flails
  1613 | D:2      | Reached skill level 1 in Polearms
  1613 | D:2      | Reached skill level 1 in Staves
  1613 | D:2      | Reached skill level 1 in Slings
  1613 | D:2      | Reached skill level 1 in Bows
  1613 | D:2      | Reached skill level 1 in Throwing
  1613 | D:2      | Reached skill level 1 in Dodging
  1613 | D:2      | Reached skill level 1 in Unarmed Combat
  1613 | D:2      | Reached skill level 1 in Spellcasting
  1613 | D:2      | Reached skill level 1 in Evocations
  1721 | D:2      | Found a hazy altar of Hepliaklqana.
  1730 | D:2      | Noticed an orc warrior
  1759 | D:2      | HP: 1/28 [orc warrior/+0 war axe (14)]
  1761 | D:2      | Mangled by an orc warrior

Illustrated notes

Levels and vault maps discovered:
D:1:      psy_arrival_spokes, layout_basic, st_stairs_6, minmay_misc_feat_alley,
          roderic_roman_lattice, minmay_misc_feat_rows, kennysheep_another_room,
          minmay_vboxes
D:2:      layout_rooms, nicolae_overflow_crystal_walls, general_overflow_altar

Skill      XL: |  1  2  3 |
---------------+----------+-----
Invocations    | 1 |  1.0
Short Blades   | 1 |  1.0
Axes           | 1 |  1.0
Maces & Flails | 1 |  1.0
Polearms       | 1 |  1.0
Staves         | 1 |  1.0
Slings         | 1 |  1.0
Bows           | 1 |  1.0
Throwing       | 1 |  1.0
Dodging        | 1 |  1.0
Unarmed Combat | 1 |  1.0
Spellcasting   | 1 |  1.0
Evocations     | 1 |  1.0
Fighting       | |  2.6
Long Blades    | |  8.5
Crossbows      | |  2.6
Armour         | |  4.6
Stealth        | |  2.4
Shields        | |  2.6
Conjurations   | |  0.7
Hexes          | |  0.7
Summonings     | |  0.7
Necromancy     | |  0.7
Translocations | |  0.7
Transmutations | |  0.7
Fire Magic     | |  0.7
Ice Magic      | |  0.7
Air Magic      | |  0.7
Earth Magic    | |  0.7
Poison Magic   | |  0.7

Action                   || total
-------------------------++-------
Melee: Falchion          ||   106
       Bite              ||    12
  Use: Potion            ||     2
 Stab: Sleeping          ||     1
Armor: Ring mail         ||    38
Dodge: Dodged            ||    35
       Rpst.: Falchion   ||     9
